 Dungeon Crawl Stone Soup version 0.31-a0-193-gdfe2569204 (webtiles) character file.

Game seed: 6743469075625859406

51 qw the Shooter (level 3, -2/20 HPs)
             Began as a Deep Elf Hunter on June 24, 2023.
             Slain by Sigmund
             ... wielding a +0 scythe
              (5 damage)
             ... on level 2 of the Dungeon.
             The game lasted 00:00:28 (753 turns).

qw the Shooter (Deep Elf Hunter)                     Turns: 753, Time: 00:00:29

Health: -2/20      AC:  6    Str: 10    XL:     3   Next: 57%
Magic:  5/5        EV: 14    Int: 13    God:
Gold:   1041       SH:  0    Dex: 18    Spells: 2/2 levels left

rFire   . . .        Y - +0 shortbow
rCold   . . .        (shield currently unavailable)
rNeg    . . .        h - +0 scale mail
rPois   .            (no helmet)
rElec   .            (no cloak)
rCorr   .            (no gloves)
SInv    .            (no boots)
Will    .....        (no amulet) Stlth
                     e - +5 ring of evasion
HPRegen 0.23/turn    (no ring)
MPRegen 0.09/turn

%: no passive effects
@: confused
A: no striking features
a: no special abilities


You were on level 2 of the Dungeon.
You visited 1 branch of the dungeon, and saw 2 of its levels.

You collected 1041 gold pieces.


   Skills:
 - Level 1.5 Fighting
 + Level 7.1 Ranged Weapons
 - Level 2.4 Dodging
 - Level 1.2 Stealth


You had 2 spell levels left.
You didn't know any spells.
Your spell library was empty.

Inventory:

Hand Weapons
 Y - a +0 shortbow (weapon)
Armour
 h - a +0 scale mail (worn)
Jewellery
 d - a ring of ice
 e - a +5 ring of evasion (left hand)
Potions
 a - a potion of might {unknown}
 b - a potion of curing {unknown}

Dungeon Overview and Level Annotations

Branches:
Dungeon (2/15)

Altars:

Annotations:
D:2 Sigmund


Message History

Enter note: Sigmund gestures at you while chanting.
The magic dart hits you.
Enter note:
Enter note:
739 ||| FLEEEEING.
Sigmund gestures at you while chanting. You resist with some effort.
740 ||| FLEEEEING.
741 ||| STILL FLEEEEING.
742 ||| STILL FLEEEEING.
You shoot an arrow. The arrow barely misses Sigmund.
Sigmund gestures wildly while chanting.
Sigmund flickers and vanishes!
Deactivating autopickup; reactivate with Ctrl-A.
744 ||| STILL FLEEEEING.
745 ||| STILL FLEEEEING.
746 ||| STILL FLEEEEING.
Enter note:
Enter note:
Enter note:
Enter note:
Enter note:
Enter note:
Enter note:
747 ||| STILL FLEEEEING.
748 ||| STILL FLEEEEING.
A puff of flame appears from out of thin air!
The puff of flame hits you.
749 ||| STILL FLEEEEING.
You shoot an arrow. You shoot an arrow.
You hear some strange, mumbled words.
You are confused.
You shoot an arrow.
You hear some strange, mumbled words.
You are more confused.
You shoot an arrow. Something hits you.
You die...

#########..##
#..##.#########
##..###..##..@.....).
#....#..#############
#.#.....#
#.##..[.####
#...........
#......#####
#.....>).# #.##@#.###
#. #.#.# #. #.#.# #.
#.#.##### ..
#.......# ..
#.......# #.......#
#.......# #.......#


There were no monsters in sight!

Vanquished Creatures
  2 adders (D:2)
  2 ball pythons
  4 endoplasms (D:1)
  2 giant cockroaches (D:1)
  4 goblins (D:1)
  A hobgoblin (D:2)
  2 kobolds (D:1)
  2 quokkas (D:1)
  5 bats (D:1)
  3 frilled lizards
  5 rats (D:1)
32 creatures vanquished.

Notes
Turn   | Place    | Note
-------+----------+-------------------------------------------
     0 | D:1      | qw the Deep Elf Hunter began the quest for the Orb.
     0 | D:1      | Reached XP level 1. HP: 12/12 MP: 3/3
     0 | D:1      | 0 ||| qw: Version: 0.3-a-9-g12657ce
     0 | D:1      | 0 ||| qw: Game counter: 4722
     0 | D:1      | 0 ||| qw: Always use a shield: true
     0 | D:1      | 0 ||| qw: God list: Okawaru
     0 | D:1      | 0 ||| qw: Allow faded altars: false
     0 | D:1      | 0 ||| qw: Do Orc after D:15 true
     0 | D:1      | 0 ||| qw: Do second Lair branch before Depths: true
     0 | D:1      | 0 ||| qw: Lair rune preference: random
     0 | D:1      | 0 ||| qw: Plans: Normal
     0 | D:1      | 0 ||| PLANNING D:1-11
   110 | D:1      | Reached skill level 6 in Ranged Weapons
   110 | D:1      | Reached XP level 2. HP: 16/16 MP: 4/4
   191 | D:1      | HP: 4/16 [frozen (5)]
   565 | D:1      | Reached XP level 3. HP: 20/20 MP: 5/5
   566 | D:1      | 566 ||| UPGRADING to +0 scale mail.
   576 | D:1      | 576 ||| DROPPING +0 leather armour.
   577 | D:1      | 577 ||| UPGRADING to +5 ring of evasion.
   578 | D:1      | 578 ||| READING scroll labelled ECWUALE NAET.
   578 | D:1      | Identified a scroll of acquirement
   578 | D:1      | 578 ||| ACQUIRING 967 gold pieces
   578 | D:1      | Acquired 967 gold pieces
   580 | D:1      | 580 ||| READING scroll labelled NYUSIABIPN.
   581 | D:1      | 581 ||| DROPPING scroll of butterflies.
   666 | D:2      | Reached skill level 7 in Ranged Weapons
   727 | D:2      | Noticed Sigmund
   736 | D:2      | HP: 4/20 [Sigmund/magic dart (6)]
   739 | D:2      | 739 ||| FLEEEEING.
   740 | D:2      | 740 ||| FLEEEEING.
   748 | D:2      | HP: 2/20 [something/puff of flame (5)]
   753 | D:2      | Slain by Sigmund

Levels and vault maps discovered:
D:1:      lightli_arrival_quake, layout_basic, dreamdust_wishing_well,
          minmay_liquid_box
D:2:      layout_basic, uniq_sigmund, uniq_robin

Skill      XL: |  1  2  3 |
---------------+----------+-----
Ranged Weapons | 6 7 |  7.1
Fighting       | |  1.5
Dodging        | |  2.4
Stealth        | |  1.2

Action                     || total
---------------------------++-------
   Fire: Shortbow          ||   107
    Use: Scroll            ||     2
 Armour: Leather armour    ||     7
         Scale mail        ||     4
  Dodge: Dodged            ||    33

Table legend:
 A = Non-vault XP
 B = Vault XP
 C = Vault XP percentage of total XP
 D = Non-vault monster count
 E = Vault monster count
 F = Vault count percentage of total count
                 A         B        C        D         E       F
            +---------+---------+-------+---------+---------+-------
      Total |      73 |       0 |   0.0 |      32 |       0 |   0.0
            +---------+---------+-------+---------+---------+-------
        D:1 |      42 |       0 |   0.0 |      27 |       0 |   0.0
        D:2 |      31 |       0 |   0.0 |       5 |       0 |   0.0
            +---------+---------+-------+---------+---------+-------
